 Dungeon Crawl Stone Soup version 0.29-a0-330-g52719c12eb (webtiles) character file.

Game seed: 14065717838123905662

36 kae the Firebug (level 3, -3/22 HPs)
             Began as an Octopode Fire Elementalist on Apr 18, 2022.
             Splashed by a jelly's acid (6 damage)
             ... on level 2 of the Dungeon.
             The game lasted 00:01:24 (1728 turns).

kae the Firebug (Octopode Fire Elementalist)        Turns: 1728, Time: 00:01:24

Health: -3/22      AC: -11   Str:  7    XL:     3   Next: 37%
Magic:  6/6        EV: 13    Int: 19    God:
Gold:   63         SH:  0    Dex: 12    Spells: 0/6 levels left

rFire   . . .      SeeInvis .   j - +2 dagger (drain)
rCold   . . .      Faith    .   (no shield)
rNeg    . . .      Spirit   .   (helmet restricted)
rPois   .          Reflect  .   (no amulet)
rElec   .          Harm     .   (no ring)
rCorr   .          Rampage  .   (no ring)
Will    .....                   (no ring)
Stlth   +++.......              (no ring)
HPRegen 0.07/turn               (no ring)
MPRegen 0.10/turn               (no ring)
                                (no ring)
                                (no ring)

@: corroded
A: almost no armour, amphibious, 8 rings, camouflage 1, gelatinous body 1,
(nimble swimmer 1), tentacles
a: no special abilities


You were on level 2 of the Dungeon.
You visited 1 branch of the dungeon, and saw 2 of its levels.

You collected 63 gold pieces.

Inventory:

Hand Weapons
 d - a +0 short sword
 j - a +2 dagger of draining (weapon)
Scrolls
 b - a scroll of identify
 c - 2 scrolls of magic mapping
 h - a scroll of teleportation
Potions
 a - a potion of magic
 f - 2 potions of flight
 g - a potion of degeneration {unknown}
 i - a potion of lignification


   Skills:
 + Level 0.5 Fighting
 + Level 2.3 Dodging
 + Level 3.0 Stealth
 + Level 2.2 Spellcasting
 + Level 1.3 Conjurations
 * Level 3.5 Fire Magic


You couldn't memorise any spells.
You knew the following spells:

 Your Spells              Type           Power      Damage    Failure   Level
a - Foxfire               Conj/Fire      44%        2x1d6     6%          1
b - Scorch                Fire           30%        2d6       6%          2
c - Conjure Flame         Conj/Fire      11%        6-21      19%         3

Your spell library contained the following spells:

 Spells                   Type           Power      Damage    Failure   Level
 Inner Flame              Hex/Fire       8%         N/A       24%         3
 Gell's Gravitas          Tloc           2%         N/A       45%         3
 Lesser Beckoning         Tloc           2%         N/A       45%         3
 Teleport Other           Tloc           2%         N/A       45%         3
 Flame Wave               Conj/Fire      11%        2d5       52%         4


Dungeon Overview and Level Annotations

Branches:
Dungeon (2/15)

Altars:


Innate Abilities, Weirdness & Mutations

You cannot wear most types of armour.
You are amphibious.
You can wear up to eight rings at the same time.
Your skin changes colour to match your surroundings (Stealth+).
Your rubbery body absorbs attacks. (AC +1, EV +1)
((You are camouflaged when in or above water. (Stealth+)))
You have tentacles for arms and can constrict up to eight enemies at once.


Message History

Casting: Foxfire (safe; 6% risk of failure)
Confirm with . or Enter, or press ? or * to list all spells.
You conjure some foxfire!
The endoplasm hits the fungus.
The fungus begins to die.
The foxfire hits the endoplasm.
The endoplasm is heavily wounded.
A jelly comes into view.
An endoplasm comes into view. x2
Your foxfire dissipates!
The endoplasm attacks as you move away! The endoplasm misses you.
The endoplasm attacks as you move away!
The endoplasm hits you but does no damage.
You hit the endoplasm.
You kill the endoplasm!
You barely miss the jelly. The jelly misses you.
An endoplasm comes into view.
The endoplasm quivers.
You hit the jelly. You drain the jelly. The acid corrodes you!
Your tentacles burn!
The jelly is moderately wounded.
The jelly misses you.
You hit the jelly but do no damage.
Your tentacles burn!
The jelly is moderately wounded.
The jelly hits you.
You are splashed with acid!
* * * LOW HITPOINT WARNING * * *
You feel better. The jelly hits you.
You are splashed with acid!
* * * LOW HITPOINT WARNING * * *
You hit the jelly but do no damage. You drain the jelly.
Your tentacles burn!
* * * LOW HITPOINT WARNING * * *
You squeeze the jelly.
The jelly is heavily wounded.
The jelly closely misses you.
You feel better. The jelly hits you. The acid corrodes you!
You are splashed with acid.
* * * LOW HITPOINT WARNING * * *
You hit the jelly but do no damage. You drain the jelly.
Your tentacles burn!
* * * LOW HITPOINT WARNING * * *
The jelly is severely wounded.
The jelly hits you.
* * * LOW HITPOINT WARNING * * *
The acid corrodes you!
You are splashed with acid.
You die... ..# ..# J.# PJ#

J.# .รท#
#######'#
##..@JJJ#
#.########
##..'....#
####....#
#.......#
#.......#
#....)..#
#.......#
##.....##


You could see a jelly (very drained) and 2 endoplasms.

Vanquished Creatures
  A worm (D:2)
  2 dart slugs
  5 endoplasms
  A hobgoblin (D:1)
  4 jackals (D:1)
  2 ball pythons (D:1)
  A bat (D:1)
  2 frilled lizards
  9 kobolds
  2 rats (D:1)
29 creatures vanquished.

Vanquished Creatures (others)
  48 foxfires
  2 fungi (D:2)
  7 toadstools (D:2)
57 creatures vanquished.

Grand Total: 86 creatures vanquished

Notes
Turn   | Place    | Note
-------+----------+-------------------------------------------
     0 | D:1      | kae the Octopode Fire Elementalist began the quest for the
                  | Orb.
     0 | D:1      | Reached XP level 1. HP: 11/11 MP: 3/3
   646 | D:1      | Reached XP level 2. HP: 17/17 MP: 3/5
   843 | D:1      | Found a faded altar of an unknown god.
  1281 | D:2      | Reached XP level 3. HP: 22/22 MP: 1/6
  1284 | D:2      | Learned a level 2 spell: Scorch
  1288 | D:2      | Learned a level 3 spell: Conjure Flame
  1728 | D:2      | Splashed by a jelly's acid

Illustrated notes

Levels and vault maps discovered:
D:1:      dpeg_arrival_shrine, layout_loops_ring,
          hellmonk_ecumenical_altar_arch_garden
D:2:      cheibrodos_fertilizer, layout_loops_corners

Skill      XL: |  1  2 |
---------------+-------+-----
Stealth        | 3 |  3.0
Fighting       | |  0.5
Dodging        | |  2.3
Spellcasting   | |  2.2
Conjurations   | |  1.3
Fire Magic     | |  3.5

Action                   || total
-------------------------++-------
Melee: Short sword       ||    27
       Tentacles         ||     8
       Constrict         ||     7
       Dagger            ||     7
 Cast: Foxfire           ||    33
  Use: Scroll            ||     5
       Potion            ||     4
 Stab: Sleeping          ||     3
Armor: Skin              ||     2
Dodge: Dodged            ||    41

Table legend: (Time is in decaauts)
 A = Elapsed time spent in this place.
 B = Non-inter-level travel time spent in this place.
 C = Inter-level travel time spent in this place.
 D = Time resting spent in this place.
 E = Time spent auto-exploring this place.
 F = Levels seen in this place.
 G = Mean time per level.
                   A        B        C        D        E       F      G
               +--------+--------+--------+--------+--------+-----+--------+
         Total |   1729 |   1702 |     27 |      2 |   1467 |   2 |  864.5 |
       Dungeon |   1729 |   1702 |     27 |      2 |   1467 |   2 |  864.5 |
               +--------+--------+--------+--------+--------+-----+--------+

Top non-repeatable levels by time:
     D:1: 1267 daAuts
     D:2: 461 daAuts
